 Dungeon Crawl Stone Soup version 0.21.1-1-g345015f (webtiles) character file.

22 letownia2 the Insei (level 2, 0/21 HPs)
             Began as a Merfolk Transmuter on Mar 15, 2018.
             Succumbed to an adder's poison
             ... on level 4 of the Dungeon.
             The game lasted 00:04:35 (617 turns).

letownia2 the Insei (Merfolk Transmuter)             Turns: 617, Time: 00:04:36

Health: 0/21       AC:  3    Str: 10    XL:     2   Next: 91%
Magic:  5/5        EV: 13    Int: 12    God:
Gold:   64         SH:  0    Dex: 14    Spells: 2/5 levels left

rFire    . . .     SeeInvis .     - Unarmed
rCold    . . .     Gourm    .   (no shield)
rNeg     . . .     Faith    .   b - +0 robe
rPois    .         Spirit   .   (no helmet)
rElec    .         Reflect  .   (no cloak)
rCorr    .         Harm     .   (no gloves)
MR       .....                  m - +0 pair of boots
Stlth    +.........             (no amulet)
HPRegen  0.07/turn              (no ring)
MPRegen  0.09/turn              (no ring)

@: lethally poisoned (0 -> -9), appendage (expiring)
A: change form in water, swift swim, stealthy swim, horns 2
a: End Transformation


You were on level 4 of the Dungeon.
You were not hungry.
You had grown temporary horns.
You visited 1 branch of the dungeon, and saw 4 of its levels.

You collected 64 gold pieces.

Inventory:

Missiles
 a - 10 arrows
Armour
 b - a +0 robe (worn)
 l - a +0 ring mail
 m - a +0 pair of boots (worn)
Scrolls
 e - a scroll of identify {unknown}
 f - 2 scrolls of remove curse {unknown}
 j - a scroll of noise {unknown}
Potions
 g - 2 potions of cancellation {unknown}
 h - 3 potions of curing {unknown}
 i - a potion of invisibility {unknown}
 k - 2 potions of haste {unknown}
Books
 c - a book of Changes

   Spells                             Type                      Level
   a - Beastly Appendage              Transmutation                1
   b - Sticks to Snakes               Transmutation                2
   c - Spider Form                    Transmutation/Poison         3
   d - Ice Form                       Ice/Transmutation            4
   e - Blade Hands                    Transmutation                5
Comestibles
 d - 3 rations


   Skills:
 - Level 1.1 Fighting
 - Level 2.6 Dodging
 + Level 3.9 Unarmed Combat
 - Level 2.0 Spellcasting
 + Level 3.6 Transmutations


You had 2 spell levels left.
You knew the following spells:

 Your Spells              Type           Power        Failure   Level  Hunger
a - Beastly Appendage     Tmut           ##....       6%          1    ##.....
l - Sticks to Snakes      Tmut           ##......     9%          2    ###....


Dungeon Overview and Level Annotations

Branches:
Dungeon (4/15)
 Temple: D:4-7

Altars:
Ashenzari

Annotations:
D:3 Ijyb; dscm's ghost, weakling DsNe
D:4 Blork the orc


Innate Abilities, Weirdness & Mutations

You revert to your normal form in water.
You are very nimble and swift while swimming.
You are very stealthy in the water. (Stealth+)
You have a pair of horns on your head.


Message History

Unknown command.
You hit the adder.
The adder is severely wounded.
The adder barely misses you.
You miss the adder. Your headbutt misses the adder.
The adder is severely wounded.
* * * LOW HITPOINT WARNING * * *
You feel sick. The adder misses you.
You closely miss the adder. Your headbutt misses the adder.
The adder is severely wounded.
* * * LOW HITPOINT WARNING * * *
You feel sick. The adder barely misses you.
Unknown command.
You hit the adder.
The adder is almost dead.
The adder bites you.
* * * LOW HITPOINT WARNING * * *
You closely miss the adder.
The adder is severely wounded.
You die...

$.. ..... ..#.. #.#(#
#...# #.#.# ## ##########
###(#.##....
#........###..@S.......
#........##.....######...
#........#...###.........
#......>.#[......######..
#............#####
#..).....#.######
#........#.#.....
#............#
######....#.##


You could see an adder.

Vanquished Creatures
  An adder skeleton (D:4)
  A worm (D:3)
  A dart slug (D:2)
  An orc (D:4)
  2 bats
  2 goblins (D:3)
  A hobgoblin (D:3)
  A frilled lizard (D:2)
  A kobold (D:2)
  3 rats
14 creatures vanquished.

Notes
Turn   | Place    | Note
-------+----------+-------------------------------------------
     0 | D:1      | letownia2 the Merfolk Transmuter began the quest for the Orb.
     0 | D:1      | Reached XP level 1. HP: 15/15 MP: 3/3
   154 | D:2      | Found a shattered altar of Ashenzari.
   195 | D:3      | Reached XP level 2. HP: 11/21 MP: 1/5
   208 | D:3      | Learned a level 2 spell: Sticks to Snakes
   357 | D:4      | Noticed Blork the orc
   357 | D:4      | Noticed a phantom
   564 | D:3      | Noticed dscm's ghost (weakling DsNe)
   568 | D:3      | Noticed Ijyb
   616 | D:4      | HP: 1/21 [adder (4)]
   617 | D:4      | Succumbed to an adder's poison

Skill      XL: |  1 |
---------------+----+-----
Transmutations | 3 |  3.6
Fighting       | |  1.1
Dodging        | |  2.6
Unarmed Combat | |  3.9
Spellcasting   | |  2.0

Action                   || total
-------------------------++-------
Melee: Unarmed           ||    50
       Headbutt          ||     8
       Punch             ||     1
 Cast: Beastly Appendage ||    14
       Sticks to Snakes  ||     2
 Stab: Sleeping          ||     1
Armor: Robe              ||     8
Dodge: Dodged            ||    31
